 Dungeon Crawl Stone Soup version 0.30-a0-1082-g70414cbcbb (webtiles) character file.

Game seed: 11278562411934914151

6282 Biggs the Martial Artist (level 10, -1/55 HPs)
             Began as a Vine Stalker Monk on Apr 15, 2023.
             Was an Elder of Dithmenos.
             Headbutted by a minotaur (5 damage)
             ... in a Gauntlet.
             The game lasted 00:17:52 (7361 turns).

Biggs the Martial Artist (Vine Stalker Monk)        Turns: 7361, Time: 00:17:53

Health: -1/55      AC: 10    Str: 13    XL:     10   Next: 94%
Magic:  0/11       EV: 22    Int: 10    God:    Dithmenos [****..]
Gold:   552        SH:  8    Dex: 22    Spells: 9/9 levels left

rFire   . . .      SeeInvis .      - Unarmed
rCold   . . .      Faith    .    u - +2 buckler
rNeg    . . .      Spirit   +    h - +0 leather armour
rPois   .          Reflect  .    l - +0 helmet
rElec   .          Rampage  ∞    r - +1 cloak
rCorr   .          NoTele   +    (no gloves)
Will    +....                    A - +3 pair of seven-league boots {Rampage+∞}
Stlth   ++                       p - amulet of magic regeneration
HPRegen 1.09/turn                j - +5 ring of evasion
MPRegen 0.52/turn                q - ring of flight

@: flying, wreathed by umbra
A: fangs 3, regeneration 1, magic shield, antimagic bite, no potion heal 2
a: Renounce Religion, Shadow Step


You were in a Gauntlet.
You worshipped Dithmenos.
Dithmenos was greatly pleased with you.
You visited 3 branches of the dungeon, and saw 10 of its levels.
You also visited: Gauntlet.

You collected 615 gold pieces.
You spent 63 gold pieces at shops.

Inventory:

Armour
 c - an orb of light
 h - a +0 leather armour (worn)
 l - a +0 helmet (worn)
 r - a +1 cloak (worn)
 u - a +2 buckler (worn)
 A - the +3 pair of seven-league boots (worn) {Rampage+∞}
   (You found it in a Gauntlet)

   Rampage+∞: When moving toward enemies, its wearer moves as far as possible.
Jewellery
 j - a +5 ring of evasion (left hand)
 p - an amulet of magic regeneration (around neck)
 q - a ring of flight (right hand)
 C - a ring of ice
Wands
 n - a wand of iceblast (8)
 y - a wand of digging (6)
 z - a wand of mindburst (9)
 E - a wand of charming (3)
 F - a wand of light (9)
Scrolls
 a - 3 scrolls of immolation
 e - 2 scrolls of enchant armour
 i - 3 scrolls of fog
 k - 3 scrolls of enchant weapon
 s - 3 scrolls of teleportation
 t - 4 scrolls of noise
 x - a scroll of poison
Potions
 b - 2 potions of ambrosia
 d - a potion of heal wounds
 f - 3 potions of curing
 g - a potion of attraction
 m - a potion of might {unknown}
 o - 3 potions of degeneration {unknown}
 v - 2 potions of brilliance {unknown}
 w - a potion of cancellation {unknown}
 B - 2 potions of mutation {unknown}
 G - a potion of flight {unknown}


   Skills:
 - Level 7.0 Fighting
 - Level 8.0 Dodging
 - Level 4.1 Shields
 + Level 11.0 Unarmed Combat


You had 9 spell levels left.
You didn't know any spells.
Your spell library contained the following spells:

 Spells                   Type           Power      Damage    Failure   Level
 Apportation              Tloc           0%         N/A       54%         1
 Foxfire                  Conj/Fire      0%         2x1d4     54%         1
 Freeze                   Ice            0%         1d3       54%         1
 Kiss of Death            Conj/Necr      0%         2d5       54%         1
 Necrotise                Necr           0%         1d4       54%         1
 Summon Small Mammal      Summ           0%         N/A       54%         1
 Ensorcelled Hibernation  Hex/Ice        0%         N/A       67%         2
 Lesser Beckoning         Tloc           0%         N/A       67%         2
 Passwall                 Tmut/Erth      0%         N/A       67%         2
 Confusing Touch          Hex            0%         N/A       88%         3
 Frozen Ramparts          Ice            0%         1d1       88%         3
 Gell's Gravitas          Tloc           0%         N/A       88%         3
 Hailstorm                Conj/Ice       0%         3d3       88%         3
 Swiftness                Air            0%         N/A       88%         3
 Teleport Other           Tloc           0%         N/A       88%         3
 Vhi's Electric Charge    Tloc/Air       0%         N/A       88%         3
 Dispel Undead            Necr           0%         3d6       99%         4
 Summon Lightning Spire   Summ/Air       0%         N/A       99%         4
 Arcjolt                  Conj/Air       0%         1d10      100%        5
 Plasma Beam              Fire/Air       0%         2x1d11    100%        6
 Malign Gateway           Summ/Tloc      0%         N/A       100%        7
 Storm Form               Tmut/Air       0%         N/A       100%        7
 Maxwell's Capacitive Co  Air            0%         ∞         100%        8
 Summon Horrible Things   Summ           0%         N/A       100%        8


Dungeon Overview and Level Annotations

Branches:
Dungeon (8/15)             Temple (1/1) D:5            Lair (1/5) D:8
Gauntlet (1/1)

Altars:
Cheibriados
Dithmenos
Elyvilon
Fedhas
Kikubaaqudgha
Okawaru
Trog
Xom
Yredelemnul

Shops:
D:2 *

Annotations:
D:8 4 transporters Gauntlet 12 transporters


Innate Abilities, Weirdness & Mutations

You have razor-sharp teeth.
Your natural rate of healing is unusually fast.
When hurt, damage is shared between your health and your magic reserves.
Your bite disrupts and absorbs the magic of your enemies.
Potions cannot restore your health.


Message History

You fly up into the air.
q - a ring of flight (right hand) Unknown command.
A minotaur comes into view.
It is wielding a +3 heavy broad axe and quivering silver javelins.
You stride towards the minotaur!
You punch the minotaur! Your bite misses the minotaur.
The minotaur is lightly wounded.
The minotaur hits you with a +3 heavy broad axe!
The minotaur misses you.
You hit the minotaur but do no damage.
The minotaur is lightly wounded.
You punch the minotaur!
You bite the minotaur, but do no damage.
The minotaur is lightly wounded.
The minotaur hits you with a +3 heavy broad axe!!
The minotaur gores you!
Unknown command.
You hit the minotaur.
You bite the minotaur, but do no damage.
The minotaur is lightly wounded.
You barely miss the minotaur. You bite the minotaur! You drain its power.
You feel invigorated.
The minotaur is moderately wounded.
The minotaur closely misses you. The minotaur completely misses you.
You hit the minotaur but do no damage.
The minotaur is moderately wounded.
You hit the minotaur but do no damage.
You bite the minotaur, but do no damage.
The minotaur is moderately wounded.
The minotaur hits you with a +3 heavy broad axe!!
* * * LOW HITPOINT WARNING * * *
The minotaur barely misses you.
Unknown command.
You hit the minotaur but do no damage.
The minotaur is moderately wounded.
You block the minotaur's attack. The minotaur barely misses you.
Unknown command.
You closely miss the minotaur.
The minotaur furiously retaliates!
The minotaur headbutts you!
You die...

..................≈∩≈............
#################################
8# #8# #8##≈...............≈##8#
## ### ####8..©.©.©.©†©.©..8####
#≈...............≈#
#########.#########
#.............# #.###########.#
#.#H@.........# #.#.#######.#.#
#.#. ##.#.# #.#. #..#.# ######
#.##.# #.#####.#..# #.......#.##
#########.


You could see a minotaur.

Vanquished Creatures
  A two-headed ogre (D:8)
  A necromancer (Gauntlet)
  An elephant (Gauntlet)
  A hornet (D:7)
  3 yaks (Lair:1)
  A steam dragon (D:7)
  3 wargs (D:8)
  A swamp worm (Gauntlet)
  An ice beast (D:7)
  A hornet zombie (D:8)
  A black bear (Lair:1)
  3 orc warriors (D:7)
  2 ogres (D:6)
  11 wolves
  6 kobold brigands
  Blork the orc (D:6)
  A scorpion (D:5)
  3 bullfrogs
  A gnoll sergeant (D:5)
  A wyvern zombie (D:8)
  3 wights (D:8)
  3 howler monkeys
  3 centaur zombies (D:8)
  2 hounds
  10 orc priests
  A gnoll bouda (D:5)
  2 iguanas
  Natasha (thrice) (D:2)
  2 orc wizards
  2 killer bee zombies (D:8)
  A howler monkey zombie (D:8)
  9 gnolls (D:5)
  2 adders
  A shadow imp (D:7)
  2 white imps (D:5)
  An ufetubus (D:7)
  A worm (D:2)
  5 dart slugs
  31 orcs
  5 ball pythons
  3 bats
  6 endoplasms
  3 giant cockroaches
  8 goblins
  9 hobgoblins
  8 jackals
  4 quokkas
  4 frilled lizards
  37 kobolds
  4 rats
219 creatures vanquished.

Vanquished Creatures (others)
  An orc wizard (D:3)
  2 fungi (Lair:1)
  5 plants
  25 withered plants (Gauntlet)
33 creatures vanquished.

Grand Total: 252 creatures vanquished

Notes
Turn   | Place    | Note
-------+----------+-------------------------------------------
     0 | D:1      | Biggs the Vine Stalker Monk began the quest for the Orb.
     0 | D:1      | Reached XP level 1. HP: 11/11 MP: 2/2
   150 | D:1      | Reached XP level 2. HP: 16/16 MP: 3/3
   418 | D:1      | Reached skill level 4 in Unarmed Combat
   642 | D:1      | Reached XP level 3. HP: 19/19 MP: 4/4
   644 | D:1      | Found a faded altar of an unknown god.
   648 | D:1      | Got Plato's Notes on the Dragon and Conjuration
  1179 | D:2      | Noticed Natasha
  1290 | D:2      | Killed Natasha
  1291 | D:2      | Reached skill level 5 in Unarmed Combat
  1291 | D:2      | Gained mutation: Your natural rate of healing is unusually
                  | fast. [Vine Stalker growth]
  1291 | D:2      | Reached XP level 4. HP: 23/23 MP: 5/5
  1456 | D:2      | Noticed Natasha
  1466 | D:2      | Killed Natasha
  1576 | D:2      | Noticed Natasha
  1584 | D:2      | Killed Natasha
  1585 | D:2      | Reached XP level 5. HP: 24/27 MP: 3/6
  1676 | D:2      | Found Kamaiv's General Store.
  1693 | D:2      | Bought a +0 helmet for 63 gold pieces
  2093 | D:3      | Reached skill level 6 in Unarmed Combat
  2291 | D:3      | Reached XP level 6. HP: 11/32 MP: 1/7
  3260 | D:5      | Entered Level 5 of the Dungeon
  3275 | D:5      | Reached skill level 7 in Unarmed Combat
  3506 | D:5      | Found a shimmering altar of Xom.
  3582 | D:5      | Found a staircase to the Ecumenical Temple.
  3613 | D:5      | Reached XP level 7. HP: 30/36 MP: 6/8
  4263 | Temple   | Entered the Ecumenical Temple
  4292 | Temple   | Became a worshipper of Dithmenos the Shadowed
  4292 | Temple   | Reached * piety under Dithmenos
  4292 | Temple   | Reached ** piety under Dithmenos
  4344 | D:6      | Noticed Blork the orc
  4483 | D:6      | Reached skill level 8 in Unarmed Combat
  4535 | D:6      | Killed Blork the orc
  4542 | D:6      | Gained mutation: You have razor-sharp teeth. [Vine Stalker
                  | growth]
  4542 | D:6      | Reached XP level 8. HP: 42/42 MP: 9/9
  4628 | D:6      | Reached skill level 9 in Unarmed Combat
  4830 | D:6      | Found a bloodstained altar of Trog.
  4956 | D:7      | Reached skill level 1 in Shields
  5103 | D:7      | Noticed a hornet
  5127 | D:7      | Killed a hornet
  5132 | D:7      | Reached XP level 9. HP: 31/45 MP: 10/10
  5184 | D:7      | Reached skill level 10 in Unarmed Combat
  5268 | D:7      | HP: 2/45 [steam dragon] (6)]
  5330 | D:7      | Reached *** piety under Dithmenos
  5560 | D:7      | Reached skill level 11 in Unarmed Combat
  5672 | D:8      | Noticed a two-headed ogre
  5678 | D:8      | Killed a two-headed ogre
  5679 | D:8      | Reached skill level 5 in Fighting
  5729 | D:8      | Found a transporter.
  5729 | D:8      | Found a transporter.
  5731 | D:8      | Found a transporter.
  5995 | D:8      | Found a basalt altar of Yredelemnul.
  6111 | D:8      | Found a transporter.
  6263 | D:8      | Reached XP level 10. HP: 55/55 MP: 11/11
  6284 | D:8      | Found a staircase to the Lair.
  6361 | D:8      | Reached **** piety under Dithmenos
  6438 | D:8      | Reached skill level 5 in Dodging
  6619 | Lair:1   | Entered Level 1 of the Lair of Beasts
  6696 | Lair:1   | Identified the +3 long sword of the Doomed God {heavy,
                  | rElec Str-4 Int+4}
  6708 | Lair:1   | Found a gate leading to a gauntlet.
  6750 | Gauntlet | Entered a Gauntlet
  6750 | Gauntlet | Found a transporter.
  6760 | Gauntlet | Found a transporter.
  6775 | Gauntlet | Found a transporter.
  6780 | Gauntlet | Found a transporter.
  6784 | Gauntlet | Noticed an apocalypse crab
  6805 | Gauntlet | Found a transporter.
  6814 | Gauntlet | Found a transporter.
  6825 | Gauntlet | Noticed a hellion
  6826 | Gauntlet | Found a transporter.
  6829 | Gauntlet | Noticed an elephant
  6840 | Gauntlet | Noticed an elephant
  6841 | Gauntlet | Noticed an elephant
  6843 | Gauntlet | Found the +3 pair of seven-league boots {Rampage+∞}
  6849 | Gauntlet | Noticed a dire elephant
  6854 | Gauntlet | Found a transporter.
  6857 | Gauntlet | Noticed a reaper
  6860 | Gauntlet | Found a transporter.
  6860 | Gauntlet | Found a transporter.
  6876 | Gauntlet | Noticed a fire crab
  6880 | Gauntlet | Found a transporter.
  6889 | Gauntlet | Noticed a fire crab
  6892 | Gauntlet | Found a transporter.
  6902 | Gauntlet | Found a transporter.
  6902 | Gauntlet | Found a transporter.
  6942 | Gauntlet | Found a transporter.
  6942 | Gauntlet | Noticed a wizard
  6969 | Gauntlet | Found a transporter.
  6971 | Gauntlet | Found a transporter.
  6972 | Gauntlet | Noticed a necromancer
  6997 | Gauntlet | Found a transporter.
  7029 | Gauntlet | Killed a necromancer
  7146 | Gauntlet | HP: 1/55 [swamp worm (12)]
  7280 | Gauntlet | Killed an elephant
  7352 | Gauntlet | Noticed a minotaur
  7361 | Gauntlet | Headbutted by a minotaur

Illustrated notes

Levels and vault maps discovered:
D:1:      minmay_arrival_glassed_features, layout_basic,
          shapermc_ecumenical_altar_rom_forum
D:2:      layout_rooms, serial_shops, shop, minmay_misc_feat_x,
          minmay_heptomino_l4, uniq_natasha
D:3:      layout_loops_ring, minmay_surrounded
D:4:      layout_loops_cross
D:5:      layout_cave_pods, mainiacjoe_overflow_brackets,
          minmay_temple_entry_glass, serial_column_ruins, column_ruins_hut,
          column_ruins_hut, column_ruins_open_tiny, column_ruins_open_medium,
          column_ruins_open_tiny, column_ruins_open_tiny,
          column_ruins_open_tiny, column_ruins_open_tiny
D:6:      layout_cave_pools, trog_hazing_becter, uniq_blork_the_orc
D:7:      layout_basic
D:8:      layout_loops_ring, nicolae_yredelemnul_corpse_copse,
          erik_lair_orcish_takeover, st_stairs_12, nicolae_diode_quadrants
Temple:   regret_index_temple_waves
Lair:1:   layout_loops_ring, gauntlet_entry_generic,
          infiniplex_staircase_pool_2, grunt_megastairs_2
Gauntlet: gammafunk_gauntlet_one_two_three [gammafunk_gauntlet_arena_hedges,
          nicolae_gauntlet_arena_x, gammafunk_gauntlet_arena_mazey,
          gammafunk_gauntlet_arena_spirals, gammafunk_gauntlet_arena_corners,
          nicolae_gauntlet_arena_quarters, nicolae_gauntlet_arena_grate_2,
          nicolae_gauntlet_arena_t_cross,
          gammafunk_gauntlet_arena_split_diamond,
          dreamdust_gauntlet_exit_labyrinth]

Skill      XL: |  1  2  3  4  5  6  7  8  9 10 |
---------------+-------------------------------+-----
Unarmed Combat | 4 5 6 7 8 9 11 | 11.0
Fighting       | 3 4 7 |  7.0
Shields        | 4 |  4.1
Dodging        | 3 8 |  8.0

Action                     |  1- 3 |  4- 6 |  7- 9 | 10-12 || total
---------------------------+-------+-------+-------+-------++-------
  Melee: Unarmed           |    91 |   171 |   358 |   189 ||   809
         Bite              |    25 |    55 |   136 |    71 ||   287
         Punch             |     2 |    10 |       |       ||    12
  Evoke: Wand              |       |       |     2 |       ||     2
    Use: Scroll            |     1 |       |       |    12 ||    13
         Potion            |       |       |     1 |       ||     1
   Stab: Sleeping          |     1 |     2 |     3 |       ||     6
         Distracted        |       |       |     1 |       ||     1
 Armour: Robe              |    11 |       |       |       ||    11
         Leather armour    |     4 |    30 |    50 |    29 ||   113
  Dodge: Dodged            |    57 |   135 |   262 |   230 ||   684
  Block: Buckler           |       |       |   116 |   101 ||   217

Table legend: (Time is in decaauts)
 A = Elapsed time spent in this place.
 B = Non-inter-level travel time spent in this place.
 C = Inter-level travel time spent in this place.
 D = Time resting spent in this place.
 E = Time spent auto-exploring this place.
 F = Levels seen in this place.
 G = Mean time per level.
                   A        B        C        D        E       F      G
               +--------+--------+--------+--------+--------+-----+--------+
         Total |   7270 |   7017 |    253 |    455 |   4330 |  11 |  660.9 |
       Dungeon |   6554 |   6307 |    247 |    336 |   4247 |   8 |  819.2 |
        Temple |     36 |     30 |      6 |      0 |     14 |   1 |   36.0 |
          Lair |     79 |     79 |      0 |      0 |      0 |   1 |   79.0 |
      Gauntlet |    599 |    599 |      0 |    119 |     69 |   1 |  599.0 |
               +--------+--------+--------+--------+--------+-----+--------+

Top non-repeatable levels by time:
     D:5: 1126 daAuts
     D:8: 969 daAuts
     D:2: 935 daAuts
     D:1: 904 daAuts
     D:3: 826 daAuts
     D:7: 726 daAuts
Gauntlet: 599 daAuts
     D:4: 578 daAuts
     D:6: 486 daAuts
  Lair:1: 79 daAuts
  Temple: 36 daAuts
